[Event "Klatovy Open-A 2024"]
[Site "Klatovy"]
[Date "2024.07.06"]
[Round "8.1"]
[White "Straka, Vojtech"]
[Black "Slovak, Kilian"]
[Result "1-0"]
[ECO "A36"]
[WhiteElo "2436"]
[BlackElo "2271"]
[Annotator "TA"]
[PlyCount "87"]
[EventDate "2024.06.21"]
[EventType "swiss"]
[EventCountry "CZE"]
[SourceTitle "playchess.com"]
[Source "ChessBase"]
[SourceQuality "1"]
[TimeControl "40/7200:0"]

1. c4 Nf6 2. Nc3 g6 3. g3 Bg7 4. Bg2 O-O 5. e4 c5 6. Nge2 Nc6 7. d3 d6 8. O-O Bd7 9. h3 a6 10. a4 Rb8 11. Be3 Ne8 12. Kh2 Nc7 13. d4 cxd4 14. Nxd4 {[%emt 0:00:00] White has an edge.} Ne6 15. Nde2 Na5 16. b3 b5 17. cxb5 axb5 {[%emt 0:00:37] ...b4 would now be deadly.} 18. b4 Nc4 19. Ba7 Rb7 (19... bxa4 $5 20. Bxb8 Qxb8 $14) 20. axb5 Rxb5 (20... Bxb5 $11 21. e5 Qd7) 21. Nxb5 $16 {[%emt 0:00:41] White leaves nothing to chance now.} Bxb5 22. Ra2 Nb2 {[%emt 0:13:24] Prevents Qd3.} 23. Qd2 Qd7 24. Be3 Nc4 25. Qc1 Rc8 26. Rc2 Rc7 {[%emt 0:00:00] ...Nxe3 is the strong threat.} 27. Re1 $1 Qc8 28. Nf4 $1 Nxf4 29. Bxf4 {[%emt 0:00:01][%cal Oe4e5] Black must now prevent e5!} Ba4 30. Rce2 Bb5 (30... Bd7 $16 31. Bg5 Ne5) 31. Ra2 $1 $18 Ne5 {[%emt 0:08:21] [#]} 32. Qe3 h5 33. Rc1 Nc4 34. Qb3 Kh7 (34... Be5 {keeps fighting.} 35. Bxe5 Nxe5 36. Rxc7 Qxc7) 35. Rac2 e5 36. Bg5 f6 37. Bf1 fxg5 38. Bxc4 Rxc4 39. Rxc4 Qf8 {[%emt 0:00:00] [#]} 40. Kg2 $1 {[%emt 0:00:10] Threatens to win with Rc8.} h4 (40... Qa8 41. Rc7) 41. Rc8 Qf6 42. R1c7 g4 43. Qg8+ Kh6 {[%emt 0:00:00] [#]} 44. Qxg7+ $1 {[%emt 0:00:00] Weighted Error Value: White=0.02 (flawless) /Black=0.42.  Mistake:       	---       	Black=3      Inaccurate:     	White=1     	Black=2      OK:         	White=15    	Black=10     Best:        	White=4     	Black=2      Strong:       	White=2     	---} 1-0

[Event "Klatovy Open-A 2024"]
[Site "Klatovy"]
[Date "2024.07.06"]
[Round "8.3"]
[White "Skypala, Ondrej"]
[Black "Strnad, Jakub"]
[Result "1-0"]
[ECO "A14"]
[WhiteElo "2223"]
[BlackElo "1942"]
[Annotator "TA"]
[PlyCount "55"]
[EventDate "2024.06.21"]
[EventType "swiss"]
[EventCountry "CZE"]
[SourceTitle "playchess.com"]
[Source "ChessBase"]
[SourceQuality "1"]
[TimeControl "40/7200:0"]

1. c4 e6 2. Nf3 d5 3. g3 Nf6 4. Bg2 Be7 5. O-O dxc4 6. Na3 a6 7. Nxc4 b5 8. Nfe5 {[%emt 0:00:59] White is slightly better.} Nd5 9. Na5 Qd6 (9... c5 $14 10. Nac6 Nxc6 11. Nxc6 Qc7 12. Nxe7 Qxe7) 10. d4 $18 Qb6 11. Nb3 Bb7 (11... a5 {was worth a try.} 12. e4 Nf6) 12. e4 Nf6 13. Qc2 (13. Be3 $18) 13... Nc6 $2 {[%emt 0:02:03] [#]} (13... a5 $16) 14. Be3 $1 {[%emt 0:02:37] d5 would now be deadly.} Nb4 15. Qe2 Bxe4 16. Bxe4 Nxe4 17. Qf3 {[%emt 0:00:00][%csl LRe4,LRf7] Against Bf6} f5 (17... O-O 18. Qxe4 Rad8) 18. Qh5+ g6 19. Nxg6 Nf6 20. Qf3 (20. Nxh8+ $2 {perishes.} Nxh5 21. Rac1 Nxa2 $19) 20... hxg6 21. Qxa8+ {[%emt 0:00:00] White is clearly winning.} Bd8 {[%emt 0:00:00] [#]} 22. d5 $1 Qd6 23. dxe6 {[%emt 0:00:00] aiming for Rad1.} Ne4 (23... Qc6 $142 24. Qxc6+ Nxc6) 24. Rad1 Nd3 {[%emt 0:00:36][%cal Bb4d3,Bd3f4,Bf4h3][%mdl 32] [#]} 25. Bf4 $1 Nxf4 (25... Qxe6 26. Rxd3) 26. Rxd6 Nh3+ 27. Kg2 cxd6 28. Qb7 {[%emt 0:00:00] Black did not feel at home in the position after the opening.   Weighted Error Value: White=0.21 (precise) /Black=0.64.  Loses game:     	---       	Black=1      Mistake:       	White=1     	Black=4      Inaccurate:     	---       	Black=1      OK:         	White=7     	Black=7      Best:        	White=4     	Black=2      Strong:       	White=1     	---        Brilliant:      	White=1     	---} 1-0